cohdb
Replays
Latest Replays
All Replays
Popular Replays
Top Player Replays
Match Explorer
How It Works
Community
CoH3 Stats
Reddit
Sign in to upload your games and track your stats! →
Sign in with Steam
Match 40988173
Unlisted
Match 40988173
Overview
Messages
Build Orders
End
Panzergrenadier Squad
Selects Panzerjäger Kommand Battlegroup
Panzergrenadier Squad
250 Light Carrier
Selects Mine Fields
Construct Light Support Kompanie
Combat Half-tracks
Construct Mechanized Kompanie
Assault Mechanized Group
Selects GrB 39 Grenade Launcher Requisition
Selects Crew Shock Tactics
Support Armor Elements
StuG III D Assault Gun
MG34 Team
Selects Early Warning
StuG III D Assault Gun
Pak 38 Mechanized Group
18-tonne Recovery Half-track
Advanced Optics
Teippis
Nyyppa
MonoChrome
YoSleepy
0
0
Comments
sign in to comment!
No comments posted yet!